Map: Asper Mountain

Players

DyNasty - Winner!

  • Race: Protoss Protoss

Artanis - Winner!

  • Race: Terran Terran

Grumm - Winner!

  • Race: Zerg Zerg
  • League: Gold

RedBlueShift - Winner!

  • Race: Protoss Protoss

Netherworld

  • Race: Zerg Zerg

Nozo

  • Race: Protoss Protoss

OMG

  • Race: Protoss Protoss

BrothaSum

  • Race: Zerg Zerg

VOD

Have the link to the VOD?

Description

Time

  • Played on: Jan. 21, 2016, 1:27 a.m.
  • Length: 15:27
Show
View Real Time Build Order
Export as new Build Order

DyNasty Protoss - Winner!

Build Orders:  

Get SALT Encoding   

  12  0:02  Probe (Chrono Boost)  
  13  0:12  Probe (Chrono Boost)  
  14  0:25  Pylon  
  14  0:26  Probe (Chrono Boost)  
  15  0:43  Probe (Chrono Boost)  
  15  0:47  Gateway  
  16  0:51  Gateway  
  16  0:54  Probe (Chrono Boost)  
  17  1:00  Assimilator  
  17  1:04  Probe (Chrono Boost)  
  18  1:19  Probe (Chrono Boost)  
  18  1:20  Pylon  
  19  1:27  Assimilator  
  19  1:30  Probe (Chrono Boost)  
  20  1:35  Cybernetics Core  
  20  1:41  Probe (Chrono Boost)  
  21  1:48  Zealot  
  21  1:51  Pylon  
  23  2:02  Gateway  
  23  2:11  Warp Gate (Chrono Boost)  
  27  2:37  Stalker (Chrono Boost)  
  27  2:38  Stalker (Chrono Boost)  
  27  2:42  Probe  
  28  2:53  Stalker (Chrono Boost)  
  28  2:54  Probe  
  31  3:24  Zealot x2  
  31  3:25  Stalker  
  37  3:40  Forge  
  37  3:42  Nexus  
  37  3:44  Pylon  
  37  4:16  Pylon  
  37  4:26  Pylon  
  37  4:35  Stalker x3  
  43  4:43  Probe  
  44  4:55  Probe  
  44  4:58  Protoss Ground Weapons Level 1 (Chrono Boost)  
  45  5:07  Probe  
  45  5:09  Gateway  
  45  5:10  Pylon  
  46  5:19  Probe  
  41  5:31  Stalker x2  
  41  5:32  Stalker, Probe  
  44  5:49  Probe  
  42  5:50  Probe  
  44  5:59  Probe  
  44  6:01  Pylon  
  44  6:02  Probe  
  44  6:10  Probe  
  40  6:15  Probe  
  42  6:21  Probe  
  42  6:24  Stalker  
  42  6:25  Stalker x3  
  51  6:27  Probe  
  52  6:36  Probe, Photon Cannon  
  52  6:39  Probe  
  54  6:46  Probe  
  54  6:51  Probe  
  56  6:57  Probe  
  57  7:03  Probe  
  57  7:05  Stalker  
  57  7:06  Stalker x3  
  66  7:22  Pylon, Gateway  
  64  7:25  Gateway  
  50  7:45  Stargate  
  50  7:47  Stargate, Pylon  
  50  7:51  Assimilator  
  50  7:53  Nexus  
  50  7:54  Pylon  
  50  7:56  Assimilator  
  50  7:57  Stalker x2  
  54  8:00  Stalker  
  56  8:29  Protoss Ground Armor Level 1 (Chrono Boost)  
  56  8:40  Forge  
  56  8:41  Twilight Council  
  54  8:51  Stalker x4  
  58  9:02  Void Ray x2 (Chrono Boost)  
  66  9:10  Probe x2  
  68  9:22  Probe x2  
  68  9:23  Protoss Ground Weapons Level 2 (Chrono Boost), Blink (Chrono Boost)  
  70  9:34  Probe x2  
  70  9:36  Pylon, Probe  
  73  9:45  Void Ray (Chrono Boost)  
  73  9:46  Probe x2  
  73  9:48  Probe  
  80  10:09  Void Ray (Chrono Boost)  
  84  10:14  Probe x2  
  84  10:15  Probe  
  84  10:17  Assimilator  
  84  10:18  Assimilator  
  84  10:20  Photon Cannon  
  87  10:22  Stalker x3  
  87  10:24  Stalker  
  95  10:33  Protoss Ground Armor Level 2 (Chrono Boost)  
  95  10:41  Void Ray (Chrono Boost)  
  99  10:52  Void Ray (Chrono Boost)  
  103  10:59  Stargate  
  103  11:00  Pylon  
  103  11:03  Stalker x2  
  103  11:04  Stalker x2  
  109  11:08  Stalker  
  113  11:25  Robotics Facility  
  113  11:34  Stalker x2  
  113  11:35  Stalker x2  
  121  11:44  Pylon  
  121  11:45  Void Ray (Chrono Boost)  
  121  11:46  Void Ray (Chrono Boost)  
  121  11:48  Protoss Ground Weapons Level 3 (Chrono Boost)  
  129  11:57  Void Ray (Chrono Boost)  
  133  12:08  Protoss Air Weapons Level 1 (Chrono Boost)  
  133  12:11  Stalker x3  
  139  12:21  Warp Prism (Chrono Boost)  
  141  12:31  Protoss Shields Level 1  
  141  12:32  Void Ray  
  141  12:33  Void Ray  
  149  12:53  Observer (Chrono Boost)  
  150  13:04  Probe  
  151  13:08  Stalker x3  
  157  13:23  Pylon  
  157  13:26  Nexus  
  157  13:29  Pylon  
  157  13:30  Assimilator  
  157  13:32  Pylon  
  157  13:34  Assimilator, Pylon  
  157  13:41  Probe  
  158  13:50  Stalker x3  
  158  13:51  Stalker  
  158  13:53  Probe  
  158  13:54  Observer (Chrono Boost)  
  160  14:05  Probe  
  157  14:17  Probe, Stalker x3  
  157  14:18  Stalker x2  
  157  14:19  Stalker  
  170  14:43  Zealot x2  
  170  14:44  Zealot x3  
Show
View Real Time Build Order
Export as new Build Order

Artanis Terran - Winner!

Build Orders: Command Center First (CC) 

Get SALT Encoding   

  12  0:01  SCV  
  13  0:13  SCV  
  14  0:25  Supply Depot  
  14  0:26  SCV  
  15  0:54  Command Center  
  15  0:59  SCV  
  16  1:11  SCV  
  17  1:14  Barracks  
  17  1:23  SCV  
  18  1:28  Barracks  
  18  1:35  SCV  
  19  1:42  Barracks  
  19  1:47  SCV  
  20  2:03  Orbital Command  
  20  2:08  Orbital Command  
  20  2:11  Marine  
  21  2:18  Marine  
  22  2:29  Supply Depot, Marine  
  23  2:31  Marine  
  23  2:36  Marine  
  25  2:41  SCV  
  26  2:49  Marine  
  27  2:54  SCV  
  27  2:55  SCV  
  27  2:57  Marine x2  
  31  3:02  Refinery  
  31  3:06  SCV  
  31  3:08  SCV  
  31  3:10  Barracks  
  33  3:18  SCV  
  34  3:20  SCV  
  34  3:23  Marine x3  
  38  3:27  Supply Depot  
  38  3:30  Supply Depot, SCV  
  38  3:32  SCV  
  40  3:40  Refinery  
  40  3:42  SCV  
  40  3:43  Marine x2  
  40  3:44  Marine  
  40  4:03  Barracks Reactor  
  40  4:05  Barracks Reactor  
  40  4:11  Orbital Command  
  40  4:14  Barracks Tech Lab  
  40  4:36  SCV  
  40  4:37  Barracks Reactor  
  41  4:43  Stimpack  
  41  4:44  Marine x2  
  41  4:45  Marine x2  
  45  4:48  SCV  
  46  4:54  SCV  
  47  5:00  SCV  
  47  5:01  Marine  
  47  5:02  Marine x2  
  47  5:03  Marine  
  47  5:06  SCV  
  53  5:12  SCV  
  54  5:18  Marauder, SCV  
  54  5:19  Marine x2  
  54  5:20  Marine x2  
  61  5:24  SCV  
  62  5:29  Supply Depot  
  62  5:36  SCV  
  62  5:37  SCV  
  62  5:38  Marine  
  62  5:46  Supply Depot  
  62  5:50  Supply Depot, Marine  
  62  5:51  Marauder, SCV x2  
  62  5:54  Supply Depot  
  65  6:03  SCV x2  
  54  6:12  Marauder  
  54  6:14  Marine x2  
  54  6:15  Marine x2, SCV x2  
  54  6:16  Marine x2  
  64  6:26  Refinery  
  64  6:27  SCV x2  
  64  6:30  Refinery  
  64  6:32  Marine x2  
  67  6:33  Marine x2  
  67  6:34  Marine x2  
  67  6:39  SCV x2  
  74  6:44  Factory  
  74  6:50  Marine x2  
  74  6:51  Marine x2, SCV  
  74  6:52  Marine  
  78  7:03  SCV  
  79  7:09  Marine  
  79  7:11  Marine  
  79  7:12  Marine  
  79  7:13  Marine x3  
  79  7:15  Marauder  
  81  7:26  Marine  
  81  7:29  Marine  
  73  7:30  Marine x2  
  73  7:31  Marine x2  
  73  7:34  Command Center  
  73  7:35  Factory Tech Lab  
  73  7:36  Marauder  
  75  7:37  Factory  
  75  7:44  Marine  
  75  7:48  Marine x2  
  75  7:49  Marine x2  
  80  7:55  SCV  
  80  7:56  SCV  
  82  8:06  Marine x2  
  82  8:07  Marine, SCV  
  82  8:08  SCV  
  81  8:19  Siege Tank, SCV  
  80  8:20  SCV  
  80  8:24  Marine  
  82  8:28  Factory Tech Lab  
  82  8:31  SCV  
  82  8:32  Starport  
  82  8:33  SCV  
  84  8:38  Starport  
  84  8:41  Supply Depot  
  84  8:43  SCV  
  84  8:45  Marine x4, SCV  
  84  8:46  Marine  
  91  8:51  Siege Tank  
  95  8:55  SCV  
  95  8:57  Engineering Bay, SCV  
  95  8:58  SCV  
  94  9:07  SCV  
  94  9:09  SCV  
  96  9:10  SCV  
  96  9:11  Marine x2  
  96  9:12  Marine x4  
  96  9:14  Starport Reactor  
  96  9:16  Starport Reactor  
  103  9:21  Refinery  
  103  9:22  SCV  
  103  9:23  Refinery, Siege Tank  
  107  9:29  Marine x2  
  107  9:30  Marine x2  
  111  9:34  SCV  
  112  9:43  SCV  
  113  9:46  SCV  
  113  9:51  Armory  
  113  9:52  Viking  
  116  9:55  SCV  
  116  9:59  Supply Depot  
  117  10:02  Supply Depot, Viking x3  
  117  10:03  Supply Depot, SCV  
  124  10:22  Viking  
  126  10:32  Viking x3, Terran Infantry Weapons Level 1  
  132  10:39  Terran Vehicle Weapons Level 1  
  132  10:42  Orbital Command  
  132  10:49  Supply Depot  
  132  10:50  Supply Depot  
  132  10:51  Supply Depot  
  132  10:52  Viking  
  134  11:02  Viking x3  
  140  11:19  Marine x2  
  140  11:20  Marine x2  
  140  11:21  Marine x2  
  140  11:22  Viking, Marine  
  140  11:23  Combat Shields  
  149  11:30  Engineering Bay  
  151  11:34  Armory  
  151  11:37  Marine x2  
  151  11:38  Marine x2  
  151  11:39  Marine x2  
  157  11:40  Ghost Academy, Marine  
  158  11:52  Barracks  
  158  11:54  Marine  
  158  11:55  Marine x2  
  158  11:56  Marine x2  
  158  11:57  Marine  
  163  12:13  Personal Cloaking, Marine  
  163  12:14  Marine  
  165  12:16  Ghost  
  166  12:41  Concussive Shells  
  166  12:44  Ghost  
  168  12:58  Barracks Tech Lab  
  168  13:02  Barracks  
  168  13:13  Ghost  
  168  13:17  Ghost  
  170  13:46  Ghost  
  114  14:14  Ghost  
  82  14:34  Starport Reactor  
  82  14:39  Barracks  
  82  14:43  Ghost  
  82  14:54  Barracks  
  82  14:59  Barracks  
  76  15:02  Barracks  
  76  15:04  Fusion Core  
  76  15:09  Starport  
  76  15:11  Starport  
Show
View Real Time Build Order
Export as new Build Order

Grumm Zerg - Winner!

Build Orders: Pool First 

Get SALT Encoding   

  12  0:02  Drone  
  13  0:13  Drone  
  14  0:27  Spawning Pool  
  13  0:37  Drone  
  13  0:39  Overlord  
  14  1:05  Drone, Hatchery  
  14  1:14  Zergling x4  
  14  1:18  Zergling x2  
  17  1:53  Drone x3  
  20  1:57  Extractor  
  20  1:58  Extractor  
  18  2:13  Zergling x2  
  19  2:19  Queen  
  19  2:20  Queen  
  19  2:22  Zergling x4  
  24  2:41  Zergling x2  
  24  2:42  Zergling x6  
  26  2:50  Zergling x2  
  26  2:51  Zergling x2  
  28  2:55  Spine Crawler x2  
  25  3:10  Drone x3  
  27  3:20  Drone  
  27  3:24  Spine Crawler  
  27  3:32  Drone  
  27  3:34  Overlord  
  28  3:44  Spine Crawler  
  27  3:51  Spine Crawler  
  26  3:56  Drone x2  
  26  3:57  Drone x3  
  28  4:10  Lair  
  23  4:34  Zergling x4  
  23  4:35  Zergling x4  
  27  5:12  Zergling x12  
  26  5:30  Zergling x4  
  26  5:31  Zergling x2  
  28  5:35  Drone  
  28  5:37  Queen  
  28  5:39  Queen  
  31  5:54  Drone x3  
  34  6:00  Hydralisk Den  
  27  6:04  Drone, Spore Crawler  
  27  6:05  Drone  
  28  6:29  Drone  
  28  6:30  Drone x4  
  28  6:32  Extractor  
  32  6:45  Hydralisk  
  32  6:46  Hydralisk  
  36  6:48  Muscular Augments  
  35  6:55  Spore Crawler  
  35  6:57  Spore Crawler  
  35  6:58  Drone  
  35  6:59  Drone x2  
  36  7:06  Spore Crawler  
  35  7:21  Overlord x2  
  35  7:25  Drone  
  36  7:43  Hydralisk  
  36  7:44  Hydralisk x6  
  50  7:56  Hydralisk  
  50  7:57  Overlord x2  
  51  8:36  Hydralisk  
  51  8:37  Hydralisk x7  
  51  8:39  Lurker Den  
  67  8:45  Drone  
  67  8:46  Overlord  
  67  9:28  Hydralisk  
  67  9:29  Hydralisk x5  
  58  9:40  Drone x8  
  66  9:54  Extractor  
  65  10:07  Hydralisk  
  65  10:08  Hydralisk x3  
  65  10:12  Lurker  
  74  10:34  Hatchery  
  73  10:42  Overlord x3  
  73  10:57  Hydralisk  
  73  10:59  Overlord x3  
  73  11:00  Overlord  
  73  11:02  Hydralisk  
  73  11:03  Hydralisk x4  
  85  11:25  Extractor  
  85  11:26  Lurker  
  85  11:27  Lurker  
  78  12:03  Hydralisk  
  78  12:04  Hydralisk x7  
  94  12:11  Hydralisk  
  96  12:22  Evolution Chamber  
  95  12:23  Evolution Chamber  
  95  12:26  Infestation Pit  
  93  12:32  Zergling x10  
  98  13:07  Hydralisk x5  
  98  13:08  Hydralisk x2  
  106  14:06  Hydralisk x3  
  106  14:07  Hydralisk x3  
  118  14:26  Hydralisk x2  
  121  15:00  Infestation Pit  
  121  15:04  Spawning Pool  
Show
View Real Time Build Order
Export as new Build Order

RedBlueShift Protoss - Winner!

Build Orders:  

Get SALT Encoding   

  12  0:01  Probe (Chrono Boost)  
  13  0:12  Probe (Chrono Boost)  
  14  0:23  Pylon  
  14  0:33  Probe (Chrono Boost)  
  15  0:43  Gateway  
  15  0:45  Probe (Chrono Boost)  
  16  0:56  Probe (Chrono Boost)  
  17  0:59  Pylon  
  17  1:06  Gateway, Probe (Chrono Boost)  
  18  1:15  Assimilator  
  18  1:17  Probe (Chrono Boost)  
  19  1:27  Probe (Chrono Boost)  
  19  1:30  Zealot  
  22  1:43  Cybernetics Core  
  22  1:45  Probe (Chrono Boost)  
  23  1:51  Pylon  
  23  1:53  Zealot  
  25  2:05  Zealot  
  27  2:12  Forge  
  27  2:15  Assimilator  
  27  2:22  Twilight Council  
  25  3:01  Zealot  
  25  3:02  Zealot  
  29  3:11  Warp Gate  
  29  3:28  Zealot  
  29  3:29  Zealot  
  33  3:41  Pylon  
  33  3:43  Charge  
  33  3:46  Probe (Chrono Boost)  
  34  3:56  Zealot  
  34  3:57  Zealot  
  34  4:01  Gateway  
  38  4:29  Zealot x2  
  42  4:44  Probe (Chrono Boost)  
  43  4:52  Zealot  
  45  4:57  Nexus  
  45  5:34  Protoss Ground Weapons Level 1  
  37  5:50  Zealot x3  
  43  5:58  Pylon  
  43  6:01  Assimilator  
  43  6:02  Pylon  
  43  6:06  Gateway  
  43  6:21  Zealot x3  
  43  6:25  Forge  
  49  6:27  Pylon  
  49  6:32  Probe (Chrono Boost)  
  50  6:35  Probe (Chrono Boost)  
  51  6:42  Probe (Chrono Boost)  
  52  6:53  Probe (Chrono Boost)  
  47  7:03  Probe (Chrono Boost)  
  46  7:14  Zealot x2  
  46  7:15  Zealot  
  52  7:17  Protoss Ground Armor Level 1  
  52  7:19  Probe (Chrono Boost)  
  52  7:30  Probe (Chrono Boost)  
  50  7:40  Probe (Chrono Boost)  
  51  7:51  Probe (Chrono Boost)  
  40  7:58  Zealot  
  40  7:59  Zealot x3  
  40  8:01  Probe (Chrono Boost)  
  40  8:04  Gateway  
  45  8:06  Photon Cannon  
  45  8:09  Pylon  
  41  8:14  Photon Cannon  
  41  8:16  Probe (Chrono Boost), Photon Cannon  
  42  8:23  Protoss Shields Level 1  
  43  8:27  Probe (Chrono Boost)  
  43  8:34  Assimilator  
  43  8:38  Photon Cannon  
  43  8:42  Photon Cannon  
  43  8:56  Templar Archives  
  43  8:59  Probe (Chrono Boost)  
  44  9:03  Probe (Chrono Boost)  
  44  9:09  Probe (Chrono Boost)  
  46  9:11  Gateway  
  46  9:14  Probe (Chrono Boost)  
  47  9:20  Probe (Chrono Boost)  
  49  9:24  Probe (Chrono Boost)  
  49  9:35  High Templar x5, Probe (Chrono Boost)  
  60  9:39  Archon x2  
  60  9:43  Protoss Ground Armor Level 2 (Chrono Boost)  
  60  9:45  Probe (Chrono Boost)  
  61  9:51  Forge  
  61  9:54  Gateway  
  61  9:58  Pylon  
  61  10:09  High Templar x2  
  61  10:10  High Templar x3  
  61  10:13  Archon  
  61  10:14  Archon  
  71  10:16  High Templar  
  71  10:21  Archon  
  73  10:25  Protoss Ground Weapons Level 2 (Chrono Boost), Nexus  
  73  10:36  Pylon  
  73  10:37  Pylon  
  73  10:39  Pylon  
  73  10:40  Protoss Shields Level 2 (Chrono Boost)  
  73  10:42  Assimilator  
  73  10:47  Assimilator  
  73  10:58  High Templar x2  
  73  10:59  High Templar  
  73  11:00  Zealot  
  73  11:01  Zealot  
  73  11:02  Zealot  
  73  11:03  Archon  
  85  11:08  Zealot  
  87  11:21  High Templar  
  87  11:23  Zealot  
  87  11:24  Zealot  
  93  11:25  Archon  
  93  11:29  Probe  
  93  11:32  Probe  
  95  11:36  Probe  
  96  11:44  Probe  
  96  11:46  Probe  
  98  11:55  Protoss Ground Armor Level 3 (Chrono Boost)  
  98  11:56  Probe  
  98  11:57  Probe  
  100  12:02  High Templar x2  
  100  12:03  Zealot  
  100  12:04  Zealot x2  
  100  12:07  Probe  
  100  12:08  Probe  
  112  12:18  Probe  
  112  12:20  Probe  
  112  12:22  Zealot  
  116  12:23  High Templar  
  116  12:24  High Templar  
  116  12:29  Archon  
  120  12:30  Zealot x2  
  124  12:40  Protoss Ground Weapons Level 3 (Chrono Boost)  
  124  12:42  Zealot x2  
  124  12:43  Zealot  
  130  12:51  Probe  
  131  13:02  Probe  
  132  13:11  Nexus  
  132  13:12  Protoss Shields Level 3 (Chrono Boost), Probe  
  132  13:14  Gateway  
  132  13:17  High Templar x2  
  137  13:21  Archon  
  137  13:23  Probe  
  138  13:33  Probe  
  138  13:51  Zealot  
  140  13:56  Pylon  
  140  13:58  Pylon  
  140  13:59  Pylon  
  140  14:01  Pylon  
  140  14:15  Archon  
  120  15:05  Pylon  
  120  15:07  Pylon  
  120  15:09  Pylon  
Show
View Real Time Build Order
Export as new Build Order

Netherworld Zerg 

Build Orders: Pool First 

Get SALT Encoding   

  12  0:01  Drone  
  13  0:10  Drone  
  14  0:16  Overlord  
  14  0:20  Extractor  
  13  0:24  Drone  
  14  0:36  Drone x2  
  16  0:53  Spawning Pool  
  16  0:54  Drone  
  16  0:59  Drone  
  17  1:07  Evolution Chamber  
  17  1:08  Drone  
  17  1:32  Overlord  
  17  1:39  Queen  
  17  1:41  Zergling x4  
  21  1:50  Zergling x2  
  21  1:53  Metabolic Boost  
  22  2:02  Zergling x2  
  23  2:14  Zergling x2  
  24  2:26  Zergling x2  
  25  2:34  Zergling x2  
  26  2:43  Zergling x2  
  25  2:49  Zergling x2  
  25  2:50  Zergling x4  
  28  3:04  Zergling x2  
  28  3:06  Hatchery  
  28  3:11  Baneling Nest  
  26  3:13  Zergling x2  
  26  3:28  Overlord  
  26  3:29  Overlord  
  26  3:38  Baneling Nest  
  25  3:41  Overlord  
  25  3:53  Zergling x2  
  25  3:54  Drone x2  
  27  4:11  Zergling x4  
  25  4:24  Drone  
  25  4:25  Queen  
  24  4:32  Zergling x4  
  24  4:33  Zergling x8  
  30  4:40  Baneling x2, Extractor  
  30  4:44  Drone x2  
  31  4:49  Drone  
  31  4:51  Drone  
  33  5:00  Drone  
  32  5:10  Zergling x2  
  32  5:11  Zergling x6  
  35  5:22  Zergling x2  
  30  5:28  Zergling x2  
  30  5:29  Zergling x4  
  30  5:34  Baneling x4  
  30  5:35  Baneling x4  
  33  5:44  Spine Crawler  
  33  5:47  Spine Crawler  
  26  6:05  Zergling x6  
  28  6:13  Zergling x2  
  28  6:14  Zergling x4  
  28  6:15  Zergling x10  
  36  6:21  Baneling  
  36  6:22  Baneling x3  
  36  6:26  Drone  
  36  6:27  Drone  
  36  6:32  Zergling x6  
  41  6:33  Drone  
  29  6:54  Zergling x2  
  29  6:55  Zergling x6  
  29  6:57  Zergling x6  
  36  7:05  Baneling x5  
  36  7:06  Baneling  
  29  7:30  Zergling x4  
  29  7:31  Zergling x6  
  29  7:35  Drone x6  
  37  7:45  Spine Crawler  
  37  7:49  Drone  
  35  8:11  Drone  
  35  8:12  Drone x3  
  36  8:16  Zerg Missile Weapons Level 1  
  36  8:19  Lair  
  36  8:20  Drone x2  
  36  8:21  Drone x2, Roach Warren  
  36  8:25  Extractor  
  36  8:26  Extractor  
  37  8:29  Zergling x4  
  37  8:30  Zergling x2  
  37  8:33  Drone x2  
  42  8:42  Spore Crawler  
  42  8:43  Drone x3  
  44  8:50  Drone x2  
  46  9:01  Roach x3  
  52  9:08  Overlord x2  
  52  9:09  Overlord  
  49  9:22  Zergling x4  
Show
View Real Time Build Order
Export as new Build Order

Nozo Protoss 

Build Orders: Nexus First 

Get SALT Encoding   

  12  0:06  Probe (Chrono Boost)  
  13  0:16  Probe (Chrono Boost)  
  14  0:25  Pylon  
  14  0:27  Probe (Chrono Boost)  
  15  0:36  Pylon  
  15  1:02  Nexus  
  15  1:14  Forge  
  15  1:25  Gateway  
  15  1:33  Pylon  
  15  1:39  Probe (Chrono Boost)  
  16  1:49  Probe (Chrono Boost)  
  17  1:54  Photon Cannon  
  17  2:03  Assimilator  
  17  2:07  Assimilator  
  17  2:11  Pylon  
  17  2:26  Pylon  
  17  2:30  Probe (Chrono Boost)  
  17  2:36  Pylon  
  18  2:41  Probe (Chrono Boost)  
  19  2:45  Photon Cannon  
  19  2:56  Photon Cannon  
  19  3:03  Zealot  
  21  3:14  Probe (Chrono Boost)  
  22  3:23  Probe (Chrono Boost)  
  22  3:25  Probe (Chrono Boost)  
  24  3:34  Probe (Chrono Boost)  
  25  3:35  Probe (Chrono Boost)  
  26  3:44  Probe (Chrono Boost)  
  26  3:46  Assimilator, Probe (Chrono Boost)  
  28  3:53  Assimilator  
  28  3:55  Probe (Chrono Boost)  
  29  3:56  Probe (Chrono Boost)  
  30  4:05  Probe (Chrono Boost)  
  31  4:16  Probe x2 (Chrono Boost)  
  33  4:25  Cybernetics Core  
  33  4:26  Cybernetics Core, Probe (Chrono Boost)  
  33  4:27  Probe (Chrono Boost)  
  35  4:36  Pylon x2  
  35  4:37  Probe x2 (Chrono Boost)  
  35  4:38  Pylon  
  37  4:44  Pylon  
  37  4:49  Pylon  
  37  4:57  Photon Cannon  
  37  5:02  Mothership Core (Chrono Boost)  
  39  5:20  Stargate  
  39  5:22  Stargate  
  39  5:24  Stargate  
  39  5:26  Stargate  
  39  5:29  Stargate  
  39  5:54  Protoss Air Weapons Level 1  
  39  5:55  Protoss Air Armor Level 1  
  39  5:57  Protoss Shields Level 1  
  39  6:14  Void Ray x2  
  39  6:15  Void Ray x2  
  55  6:22  Void Ray  
  59  6:28  Photon Cannon  
  59  6:30  Photon Cannon  
  59  6:31  Pylon  
  59  6:36  Photon Cannon  
  59  6:40  Photon Cannon  
  59  6:44  Pylon  
  55  7:36  Void Ray  
  51  7:37  Void Ray x4  
  71  8:27  Fleet Beacon  
  71  9:10  Void Ray x5  
  91  9:41  Protoss Air Armor Level 2, Protoss Air Weapons Level 2  
  91  9:48  Twilight Council  
  91  9:51  Pylon x2  
  91  9:53  Pylon  
  91  9:54  Pylon  
  91  9:56  Pylon  
  97  10:00  Carrier x2  
  97  10:01  Carrier x2  
  97  10:02  Carrier  
  127  10:12  Graviton Catapult  
  127  10:24  Nexus  
  127  10:56  Pylon  
  127  10:57  Pylon  
  127  10:58  Pylon  
  127  10:59  Pylon  
  127  11:01  Pylon  
  127  11:03  Assimilator  
  127  11:08  Assimilator  
  127  11:11  Pylon  
  127  11:13  Pylon  
  127  11:15  Pylon  
  127  11:17  Protoss Shields Level 2  
  127  11:28  Carrier x5  
  157  11:46  Photon Cannon  
  157  11:47  Photon Cannon  
  157  11:49  Photon Cannon  
Show
View Real Time Build Order
Export as new Build Order

OMG Protoss 

Build Orders:  

Get SALT Encoding   

  12  0:01  Probe (Chrono Boost)  
  13  0:12  Probe (Chrono Boost)  
  14  0:22  Probe (Chrono Boost)  
  14  0:24  Pylon  
  15  0:44  Forge  
  15  0:49  Probe (Chrono Boost)  
  16  0:53  Pylon  
  16  1:00  Probe (Chrono Boost)  
  17  1:10  Probe (Chrono Boost)  
  18  1:12  Pylon  
  18  1:19  Photon Cannon  
  18  1:49  Photon Cannon  
  17  2:05  Assimilator  
  17  2:10  Gateway  
  17  2:12  Photon Cannon  
  17  2:14  Pylon  
  17  2:21  Assimilator  
  17  2:22  Probe (Chrono Boost)  
  18  2:33  Probe (Chrono Boost)  
  19  2:43  Probe (Chrono Boost)  
  20  2:59  Cybernetics Core  
  20  3:02  Photon Cannon  
  20  3:16  Probe (Chrono Boost)  
  20  3:18  Nexus  
  20  3:19  Pylon  
  21  3:27  Probe (Chrono Boost)  
  22  3:38  Probe (Chrono Boost)  
  22  3:39  Stargate  
  24  3:48  Probe (Chrono Boost)  
  24  3:59  Mothership Core (Chrono Boost), Photon Cannon  
  26  4:26  Void Ray (Chrono Boost)  
  26  4:29  Probe  
  31  4:35  Probe  
  31  4:38  Stargate  
  32  4:40  Assimilator  
  32  4:41  Probe  
  33  4:45  Probe  
  34  5:01  Assimilator  
  34  5:05  Oracle (Chrono Boost)  
  37  5:11  Probe  
Show
View Real Time Build Order
Export as new Build Order

BrothaSum Zerg 

Build Orders: Hatch First 

Get SALT Encoding   

  12  0:03  Drone  
  13  0:10  Drone  
  14  0:18  Overlord  
  14  0:37  Drone x2  
  14  0:39  Drone  
  17  0:59  Hatchery  
  16  1:19  Spawning Pool  
  16  1:20  Drone x2, Extractor  
  16  1:21  Drone  
  17  1:44  Overlord  
  17  2:06  Zergling x2  
  17  2:07  Zergling x4  
  17  2:08  Queen  
  20  2:11  Queen  
  24  2:16  Zergling x2  
  24  2:19  Metabolic Boost  
  24  3:01  Zergling x12  
  28  3:13  Lair  
  28  3:19  Extractor  
  27  3:29  Extractor  
  27  3:31  Extractor  
  27  3:33  Drone x4  
  23  4:24  Drone  
  23  4:25  Drone x2  
  23  4:26  Drone x3  
  23  4:30  Overlord  
  28  4:33  Overlord  
  28  4:40  Spire  
  28  4:42  Drone x2  
  29  4:57  Zergling x10  
  29  4:58  Zergling x6  
  29  5:36  Zergling x18  
  29  5:37  Zergling x6  
  41  5:59  Mutalisk  
  41  6:00  Mutalisk x3  
  43  6:13  Zergling x2  
  38  6:21  Mutalisk  
  38  6:22  Mutalisk x2  
  44  6:25  Spine Crawler  
  44  6:29  Spine Crawler  
  42  6:36  Mutalisk  
  26  7:19  Spawning Pool  
  26  7:20  Spine Crawler  
  24  7:23  Spine Crawler  
  24  7:26  Spine Crawler  
  22  7:34  Overlord  
  14  8:05  Queen  
  16  8:22  Drone x4, Roach Warren  
  19  8:47  Overseer  
  19  9:01  Overlord x3  
Tags
 
Add a new tag
Caveats
  • Supply blocks, unpowered buildings, or Contaminate may cause inaccurate times.
  • Supply counts are checked every 10 seconds.